 Dungeon Crawl Stone Soup version 0.29.1-15-g9cfb28693d (webtiles) character file.

Game seed: 12036371213881199124

35 protoss039 the Digger (level 3, 9/26 HPs)
             Began as a Demonspawn Earth Elementalist on Mar 21, 2023.
             Got out of the dungeon alive.
             The game lasted 00:01:22 (1402 turns).

protoss039 the Digger (DsEE)                        Turns: 1402, Time: 00:01:23

Health: 9/26       AC:  6    Str:  8    XL:     3   Next: 16%
Magic:  6/6        EV: 10    Int: 18    God:
Gold:   161        SH:  4    Dex: 13    Spells: 4/7 levels left

rFire   . . .      SeeInvis .   d - +0 dagger
rCold   . . .      Faith    .   (no shield)
rNeg    . . .      Spirit   .   h - +0 ring mail
rPois   .          Reflect  .   (no helmet)
rElec   .          Harm     .   f - +0 cloak
rCorr   .          Rampage  .   (no gloves)
Will    .....                   (no boots)
Stlth   +.........              (no amulet)
HPRegen 0.08/turn               (no ring)
MPRegen 0.10/turn               (no ring)

@: no status effects
A: claws 1, condensation shield
a: no special abilities


You escaped.
You visited 1 branch of the dungeon, and saw 2 of its levels.

You collected 161 gold pieces.

Inventory:

Hand Weapons
 d - a +0 dagger (weapon)
Missiles
 j - 6 poisoned darts
Armour
 f - a +0 cloak (worn)
 h - a +0 ring mail (worn)
Scrolls
 e - a scroll of identify {unknown}
 i - 2 scrolls of enchant weapon {unknown}
 k - a scroll of fear {unknown}
Potions
 a - a potion of haste {unknown}
 b - a potion of magic
 c - a potion of lignification {unknown}
 g - a potion of mutation {unknown}


   Skills:
 + Level 1.5 Fighting
 - Level 1.7 Dodging
 - Level 1.7 Stealth
 + Level 2.5 Spellcasting
 - Level 0.8 Transmutations
 + Level 3.1 Earth Magic


You had 4 spell levels left.
You knew the following spells:

 Your Spells              Type           Power      Damage    Failure   Level
a - Sandblast             Erth           26%        2d8       14%         1
b - Passwall              Tmut/Erth      7%         N/A       34%         2

Your spell library contained the following spells:

 Spells                   Type           Power      Damage    Failure   Level
 Beastly Appendage        Tmut           10%        N/A       36%         1
 Stone Arrow              Conj/Erth      14%        3d7       63%         3
 Petrify                  Tmut/Erth      9%         N/A       93%         4


Dungeon Overview and Level Annotations

Branches:
Dungeon (2/15) Zot: 10582

Altars:

Annotations:
D:2 Sigmund


Innate Abilities, Weirdness & Mutations

You have sharp fingernails.
A meltable shield of frost defends you. (SH +4)


Message History

Press: ? - help, Shift-Dir - straight line, f/p - Natasha
Aim: Natasha (heavily wounded, 77% to hit)
The blast of sand hits Natasha.
Natasha is almost dead.
Natasha casts a spell at you. The magic dart hits you!
* * * LOW HITPOINT WARNING * * *
Natasha claws you.
* * * LOW HITPOINT WARNING * * *
Casting: Sandblast (safe; 19% risk of failure)
Confirm with . or Enter, or press ? or * to list all spells.
Aiming: Sandblast (safe; 19% risk of failure)
Press: ? - help, Shift-Dir - straight line, f/p - Natasha
Aim: Natasha (almost dead, 77% to hit)
The blast of sand hits Natasha.
You kill Natasha!
Natasha growls in agony!
Your magical contamination has completely faded away.
Your Fighting skill increases to level 1!
Your Earth Magic skill increases to level 3!
You have reached level 3!
Your experience leads to an increase in your attributes!
Increase (S)trength, (I)ntelligence, or (D)exterity?
You feel clever. x2; Your demonic ancestry asserts itself...
Frost condenses into a shield before you.
There is a stone staircase leading up here.
You climb upwards.
There is a stone staircase leading down here.
(D) Dungeon
Where to? (Enter - D:1 @ (x,y), ? - help)
What level of the Dungeon? (default 1, ? - help)
Okay, then.
You feel yourself speed up.
Magic restored.
There is a stone staircase leading down here.
There is an open gate here.
There is an open door here.
There is a staircase leading out of the dungeon here.
Are you sure you want to leave the Dungeon?
This will make you lose the game!
You have escaped!

#.# ######...............♣
#.######.♣♣......♣#'''#♣♣♣..♣
#.............♣♣###...###♣♣.♣
###..........♣♣ #.......# ♣♣♣
#♣......♣♣♣####..8.8..####
♣♣....♣♣###..#.......#..###
♣....♣ #....#.......'....#
♣...♣♣ #....#...⌠...#....#
♣♣♣.♣ #.@..'.8...8.#..⌠.# ♣♣♣
#....#...8...#....#
###################


There were no monsters in sight!

Vanquished Creatures
  Natasha (D:2)
  An endoplasm (D:1)
  A giant cockroach (D:1)
  2 hobgoblins (D:1)
  A kobold (D:1)
  2 ball pythons
  3 frilled lizards (D:1)
11 creatures vanquished.

Notes
Turn   | Place    | Note
-------+----------+-------------------------------------------
     0 | D:1      | protoss039 the Demonspawn Earth Elementalist began the
                  | quest for the Orb.
     0 | D:1      | Reached XP level 1. HP: 13/13 MP: 3/3
   212 | D:1      | Found a faded altar of an unknown god.
   220 | D:1      | Got Plato's Papyrus of Transmigration
   462 | D:1      | Gained mutation: You have sharp fingernails. [demonic
                  | ancestry]
   462 | D:1      | Reached XP level 2. HP: 20/20 MP: 3/5
   757 | D:1      | Learned a level 2 spell: Passwall
   928 | D:2      | Noticed Sigmund
   945 | D:2      | HP: 1/20 [something (7)]
  1311 | D:2      | Noticed Natasha
  1316 | D:2      | HP: 1/20 [Natasha (4)]
  1317 | D:2      | Killed Natasha
  1318 | D:2      | Reached skill level 1 in Fighting
  1318 | D:2      | Reached skill level 3 in Earth Magic
  1318 | D:2      | Gained mutation: A meltable shield of frost defends you.
                  | (SH +4) [demonic ancestry]
  1318 | D:2      | Reached XP level 3. HP: 2/26 MP: 1/6
  1402 | D:$      | Got out of the dungeon alive.

Illustrated notes

Levels and vault maps discovered:
D:1:      sevenhm_arrival_forest_fort_large_2, layout_basic,
          shapermc_ecumenical_altar_rom_forum, corexii_leaking_fountain,
          grunt_decor_junction
D:2:      layout_rooms, uniq_sigmund, uniq_jessica, uniq_crazy_yiuf_cottage,
          uniq_natasha

Skill      XL: |  1  2 |
---------------+-------+-----
Fighting       | 1 |  1.5
Earth Magic    | 3 |  3.1
Dodging        | |  1.7
Stealth        | |  1.7
Spellcasting   | |  2.5
Transmutations | |  0.8

Action                   || total
-------------------------++-------
Melee: Dagger            ||     6
 Cast: Sandblast         ||    19
Armor: Ring mail         ||     8
Dodge: Dodged            ||     4
